 Dungeon Crawl Stone Soup version 0.29-a0-1033-gb6c65ffae6 (webtiles) character file.

Game seed: 16473745396210808319

26492 Zeldest the Summoner (level 12, -1/111 HPs)
             Began as a Troll Summoner on Aug 14, 2022.
             Was a High Priest of Cheibriados.
             Engulfed by their own flame (10 damage)
             ... on level 3 of the Lair of Beasts.
             The game lasted 01:02:49 (6668 turns).

Zeldest the Summoner (Troll Summoner)               Turns: 6668, Time: 01:02:49

Health: -1/111     AC:  8    Str: 33    XL:     12   Next: 98%
Magic:  0/27       EV: 10    Int: 29    God:    Cheibriados [*****.]
Gold:   718        SH:  0    Dex: 24    Spells: 0/20 levels left

rFire   . . .      SeeInvis +     - Unarmed
rCold   . . .      Faith    .   (no shield)
rNeg    . . .      Spirit   +   w - +1 steam dragon scales
rPois   .          Reflect  .   (helmet restricted)
rElec   .          Harm     .   (no cloak)
rCorr   .          Rampage  .   (gloves unavailable)
Will    .....                   (boots unavailable)
Stlth   ++........              e - amulet of guardian spirit
HPRegen 1.08/turn               m - ring of see invisible
MPRegen 0.20/turn               p - ring of magical power

@: very slow
A: large, unfitting armour, claws 3, regeneration 1, shaggy fur 1, tough skin 1
a: Renounce Religion, Bend Time, Temporal Distortion, Slouch, Step From Time


You were on level 3 of the Lair of Beasts.
You worshipped Cheibriados.
Cheibriados was extremely pleased with you.
You visited 3 branches of the dungeon, and saw 14 of its levels.
You also visited: Ice Cave.

You collected 718 gold pieces.

Inventory:

Missiles
 j - 4 throwing nets
Armour
 b - a +0 tower shield of fire resistance
 h - +0 ice dragon scales
 w - +1 steam dragon scales (worn)
Magical Staves
 s - a staff of poison
 v - a staff of fire
Jewellery
 e - an amulet of guardian spirit (around neck)
 g - a ring of protection from cold
 m - a ring of see invisible (left claw)
 p - a ring of magical power (right claw)
 B - a ring of magical power
Wands
 d - a wand of polymorph (6)
 k - a wand of charming (3)
 q - a wand of mindburst (5)
 r - a wand of iceblast (10)
 A - a wand of flame (7)
Scrolls
 f - a scroll of magic mapping
 o - a scroll of noise
 y - a scroll of enchant armour
Potions
 a - a potion of resistance {unknown}
 i - a potion of heal wounds {unknown}
 l - a potion of flight
 n - 3 potions of brilliance
 t - a potion of berserk rage
 u - 3 potions of attraction
 z - a potion of curing
Miscellaneous
 x - a lightning rod (4/4)


   Skills:
 - Level 5.2 Fighting
 - Level 1.5 Dodging
 - Level 1.0 Stealth
 - Level 6.3 Unarmed Combat
 + Level 4.8 Spellcasting
 * Level 5.1 Hexes
 - Level 10.0 Summonings
 - Level 3.9 Translocations
 + Level 7.4 Transmutations
 - Level 3.0 Ice Magic
 - Level 0.7 Earth Magic
 - Level 3.2 Invocations


You couldn't memorise any spells.
You knew the following spells:

 Your Spells              Type           Power      Damage    Failure   Level
a - Summon Small Mammal   Summ           100%       N/A       1%          1
b - Call Imp              Summ           60%        N/A       1%          2
c - Call Canine Familiar  Summ           60%        N/A       1%          3
d - Summon Guardian Gole  Hex/Summ       50%        N/A       1%          3
e - Summon Ice Beast      Ice/Summ       44%        N/A       4%          4
f - Summon Mana Viper     Hex/Summ       50%        N/A       8%          5
g - Blink                 Tloc           58%        N/A       1%          2

Your spell library contained the following spells:

 Spells                   Type           Power      Damage    Failure   Level
 Beastly Appendage        Tmut           100%       N/A       1%          1
 Wereblood                Tmut           50%        N/A       1%          2
 Tukima's Dance           Hex            36%        N/A       2%          3
 Lesser Beckoning         Tloc           29%        N/A       3%          3
 Spider Form              Tmut/Pois      28%        N/A       4%          3
 Summon Lightning Spire   Summ/Air       36%        N/A       9%          4
 Sublimation of Blood     Necr           7%         N/A       10%         2
 Petrify                  Tmut/Erth      31%        N/A       12%         4
 Passage of Golubria      Tloc           29%        N/A       13%         4
 Yara's Violent Unravell  Hex/Tmut       21%        3d10      13%         5
 Manifold Assault         Tloc           29%        N/A       34%         5
 Irradiate                Conj/Tmut      14%        3d16      36%         5
 Monstrous Menagerie      Summ           30%        N/A       65%         7


Dungeon Overview and Level Annotations

Branches:
Dungeon (10/15)            Temple (1/1) D:5            Lair (3/5) D:9
 Shoals (0/4) Lair:2        IceCv (visited)
  Snake: Lair:2-3    Spider: Lair:2-3       Orc: D:9-12

Altars:
Ashenzari
Cheibriados
Dithmenos
Gozag
Kikubaaqudgha
Nemelex Xobeh
Okawaru
Qazlal
Ru
Sif Muna
Trog
Vehumet
Xom
Yredelemnul
Zin

Annotations:
D:6 3 runed translucent doors, Selrock's ghost, novice VSFi; gdog's ghost, weakling GnDe; nickcage's ghost, novice MfGl
D:10 exclusion: gargoyle


Innate Abilities, Weirdness & Mutations

You are too large for most types of armour.
You have claws for hands.
Your natural rate of healing is unusually fast.
You are covered in fur. (AC +1)
You have tough skin. (AC +1)


Message History

The eight-headed hydra bites your mana viper!
Your guardian golem disappears in a puff of smoke!
Your guardian golem explodes!
The fiery explosion engulfs the elephant!!!
The elephant dies!
Cheibriados thoroughly appreciates the change of pace.
The fiery explosion engulfs you!! The wolf barely misses your ice beast.
Your mana viper bites the eight-headed hydra!!
Your ice beast closely misses the wolf.
The eight-headed hydra bites your mana viper.
The eight-headed hydra misses your mana viper.
The eight-headed hydra bites your mana viper! x2
The eight-headed hydra bites your mana viper. x2
The eight-headed hydra bites your mana viper!
Your mana viper dies!
Your mana viper disappears in a puff of smoke!
The eight-headed hydra bites your wolf but does no damage.
The wolf bites your ice beast.
Your ice beast hits the wolf but does no damage.
The elephant trumpets!
Things that are here:
a wolf corpse; a wolf corpse You are engulfed in blazing flames.
* * * LOW HITPOINT WARNING * * *
You hear an angry hiss.
Your wolf barely misses the wolf.
The wolf bites your ice beast!
Your wolf bites the wolf!
The wolf dies!
Cheibriados thoroughly appreciates the change of pace.
Your ice beast completely misses the eight-headed hydra.
Your wolf bites the eight-headed hydra!
The elephant is engulfed in blazing flames.
The elephant tramples you but does no damage.
The elephant trunk-slaps you but does no damage.
There is a stone staircase leading up, spattered with blood here.
Okay, then.
Okay, then.
Okay, then.
You are engulfed in blazing flames.
You die...

~..h.h.........#
..............P....
...............#..#
....................#.#.
.................)......
........................
.......................P
..#........##Y...#......
..........Y@§†......###~
.[........§.Dh......~~~~ ...
#.....†.§§#.##....####
..P###......#.#..#..#.....
....#.#..........#..#.....
.......#Y..†......... #.#
###.
..........<..........####..h.
##.......÷..................
####............... #.<....#


You could see an eight-headed hydra (ally target), 2 elephants, a friendly ice
beast (summoned) and a friendly wolf (summoned).

Vanquished Creatures
  A frost giant (IceCv)
  2 death yaks (IceCv)
  3 elephants (Lair:1)
  An ice statue (IceCv)
  2 komodo dragons
  An ice devil (Lair:2)
  2 hornets
  A troll (D:10)
  3 polar bears (IceCv)
  2 blink frogs
  14 yaks
  A wraith (D:9)
  2 nameless horrors
  A wyvern (Lair:3)
  Eustachio (D:5)
  Menkaure (D:4)
  3 water moccasins
  A black bear (D:5)
  3 orc warriors
  4 ice beasts
  5 centaurs
  13 wolves
  3 kobold brigands
  A scorpion (D:5)
  2 necrophages
  4 bullfrogs
  A gnoll sergeant (D:7)
  3 wights
  7 killer bees
  The ghost of porpoise the Stinger, a weakling OpVM (D:3)
  A crimson imp (D:10)
  A hound (D:5)
  2 orc priests
  Natasha (D:4)
  4 orc wizards
  3 iguanas
  3 adders
  3 gnolls
  2 white imps
  An ufetubus (D:6)
  A worm (D:5)
  4 dart slugs
  13 orcs
  4 endoplasms
  2 giant cockroaches
  A goblin (D:1)
  A hobgoblin (D:3)
  A quokka (D:2)
  3 ball pythons
  4 frilled lizards
  6 kobolds
  A rat (D:2)
151 creatures vanquished.

Vanquished Creatures (collateral kills)
  A catoblepas (Lair:2)
  A death yak (IceCv)
  7 elephants
  4 cane toads (Lair:1)
  A rime drake (Lair:2)
  2 komodo dragons
  A kobold demonologist (D:10)
  An ice devil (Lair:2)
  3 polar bears
  A troll (D:9)
  A hornet (D:10)
  Grinder (D:4)
  4 blink frogs
  5 yaks
  3 steam dragons
  A water moccasin (Lair:1)
  An ice beast (D:7)
  An orc warrior (D:9)
  A centaur (D:9)
  5 wolves
  A kobold brigand (D:10)
  4 bullfrogs
  A necrophage (D:6)
  3 wights
  2 killer bees
  2 hounds (D:4)
  3 orc priests
  A gnoll bouda (D:4)
  3 jellies
  3 iguanas
  Natasha (D:4)
  8 gnolls
  3 adders
  A shadow imp (D:6)
  2 white imps
  12 orcs
  A giant cockroach (D:4)
  8 kobolds
  A quokka (D:4)
  2 ball pythons (D:4)
  A frilled lizard (D:2)
  3 goblins
111 creatures vanquished.

Vanquished Creatures (others)
  2 death yaks (IceCv)
  An elephant (Lair:3)
  2 rime drakes (IceCv)
  4 polar bears (IceCv)
  9 yaks
  A water moccasin (Lair:1)
  5 wolves (IceCv)
  An orc (D:4)
  10 fungi
  29 plants
  3 withered plants (D:6)
67 creatures vanquished.

Grand Total: 329 creatures vanquished

Notes
Turn   | Place    | Note
-------+----------+-------------------------------------------
     0 | D:1      | Zeldest the Troll Summoner began the quest for the Orb.
     0 | D:1      | Reached XP level 1. HP: 16/16 MP: 1/1
    18 | D:1      | Reached skill level 3 in Summonings
   241 | D:2      | Reached XP level 2. HP: 23/26 MP: 0/3
   285 | D:2      | Learned a level 2 spell: Call Imp
   310 | D:2      | Reached skill level 1 in Unarmed Combat
   310 | D:2      | Reached XP level 3. HP: 32/32 MP: 2/4
   338 | D:2      | Reached skill level 1 in Fighting
   536 | D:3      | Reached XP level 4. HP: 41/41 MP: 2/5
   594 | D:3      | Learned a level 3 spell: Call Canine Familiar
   631 | D:4      | Noticed Grinder
   651 | D:4      | Killed Grinder
   652 | D:4      | Reached skill level 4 in Summonings
   652 | D:4      | Reached XP level 5. HP: 15/49 MP: 1/7
   652 | D:4      | Reached XP level 6. HP: 18/57 MP: 1/8
   742 | D:3      | Found a runed translucent gate.
   742 | D:3      | Found a runed translucent gate.
   742 | D:3      | Identified the +1 scale mail "Tuideseh" {*Corrode rF++ rC+
                  | Dex+3}
   743 | D:3      | Noticed porpoise's ghost (weakling OpVM)
   753 | D:3      | Found a runed translucent gate.
   792 | D:3      | Killed porpoise's ghost
   877 | D:4      | Noticed Natasha
   887 | D:4      | Killed Natasha
   899 | D:4      | Noticed Natasha
   910 | D:4      | Killed Natasha
   949 | D:4      | Noticed Menkaure
   956 | D:4      | Killed Menkaure
   957 | D:4      | Reached XP level 7. HP: 51/66 MP: 9/9
  1185 | D:4      | Reached skill level 5 in Summonings
  1281 | D:5      | Entered Level 5 of the Dungeon
  1382 | D:5      | Noticed a yak
  1448 | D:5      | HP: 3/67 [iguana (12)]
  1449 | D:5      | Killed a yak
  1450 | D:5      | Reached XP level 8. HP: 4/75 MP: 1/11
  1692 | D:5      | Reached skill level 6 in Summonings
  1793 | D:5      | Noticed Eustachio
  1879 | D:5      | Killed Eustachio
  1916 | D:5      | Found a staircase to the Ecumenical Temple.
  1923 | Temple   | Entered the Ecumenical Temple
  1939 | Temple   | Became a worshipper of Cheibriados the Contemplative
  1943 | Temple   | Learned a level 2 spell: Blink
  2099 | D:6      | Reached skill level 5 in Unarmed Combat
  2136 | D:6      | Reached XP level 9. HP: 78/84 MP: 9/13
  2233 | D:6      | Found a runed translucent gate.
  2233 | D:6      | Found a runed translucent gate.
  2233 | D:6      | Found a runed translucent gate.
  2233 | D:6      | Noticed nickcage's ghost (novice MfGl)
  2234 | D:6      | Noticed Selrock's ghost (novice VSFi)
  2234 | D:6      | Noticed gdog's ghost (weakling GnDe)
  2395 | D:6      | Reached skill level 1 in Translocations
  2395 | D:6      | Reached skill level 1 in Invocations
  2417 | D:6      | Reached skill level 1 in Transmutations
  2483 | D:6      | Identified the +4 ring mail of Supple Strength {*Slow rPois
                  | Dex+5}
  2564 | D:7      | Reached * piety under Cheibriados
  2773 | D:7      | Reached ** piety under Cheibriados
  3057 | D:8      | Reached XP level 10. HP: 78/94 MP: 11/14
  3100 | D:8      | Reached skill level 5 in Fighting
  3196 | D:8      | Paralysed by a hornet for 2 turns
  3343 | D:9      | Found a staircase to the Lair.
  3431 | D:9      | Paralysed by a hornet for 2 turns
  3477 | D:9      | Learned a level 4 spell: Summon Ice Beast
  3508 | D:9      | Reached *** piety under Cheibriados
  3692 | D:10     | Entered Level 10 of the Dungeon
  3700 | D:10     | Reached skill level 1 in Ice Magic
  3744 | D:10     | Reached skill level 7 in Summonings
  3860 | D:10     | Noticed a gargoyle
  3997 | D:10     | Found a radiant altar of Vehumet.
  3997 | D:10     | Found an opulent altar of Gozag.
  4175 | D:10     | Noticed a sixfirhy
  4206 | D:10     | Found Muthresoic's Antique Weapon Shop.
  4215 | D:10     | Identified the +0 long sword "Oraa" {vorpal, rCorr}
  4334 | Lair:1   | Entered Level 1 of the Lair of Beasts
  4386 | Lair:1   | Noticed an elephant
  4387 | Lair:1   | Noticed a cane toad
  4400 | Lair:1   | Killed an elephant
  4401 | Lair:1   | Reached skill level 5 in Transmutations
  4410 | Lair:1   | Noticed an elephant
  4411 | Lair:1   | Noticed an elephant
  4416 | Lair:1   | Killed a cane toad
  4424 | Lair:1   | Killed an elephant
  4425 | Lair:1   | Reached XP level 11. HP: 58/104 MP: 2/15
  4467 | Lair:1   | Reached **** piety under Cheibriados
  4545 | Lair:1   | Reached skill level 8 in Summonings
  4822 | Lair:2   | Noticed a catoblepas
  5021 | Lair:2   | Found a frozen archway.
  5088 | IceCv    | Entered an ice cave
  5097 | IceCv    | Learned a level 3 spell: Summon Guardian Golem
  5123 | IceCv    | Reached skill level 1 in Hexes
  5380 | IceCv    | Reached ***** piety under Cheibriados
  5458 | IceCv    | Reached XP level 12. HP: 111/111 MP: 4/16
  5541 | IceCv    | Noticed a death yak
  5541 | IceCv    | Noticed a death yak
  5541 | IceCv    | Noticed a death yak
  5572 | IceCv    | Killed a death yak
  5573 | IceCv    | Reached skill level 9 in Summonings
  5637 | IceCv    | Killed a death yak
  5646 | IceCv    | Killed a death yak
  5691 | IceCv    | Noticed a death yak
  5691 | IceCv    | Noticed a frost giant
  5691 | IceCv    | Noticed a death yak
  5700 | IceCv    | Killed a death yak
  5712 | IceCv    | Killed a frost giant
  5804 | IceCv    | Killed a death yak
  6369 | Lair:2   | Killed a catoblepas
  6405 | Lair:2   | Found a staircase to the Shoals.
  6552 | Lair:3   | Learned a level 5 spell: Summon Mana Viper
  6659 | Lair:3   | Reached skill level 10 in Summonings
  6662 | Lair:3   | Reached skill level 5 in Hexes
  6663 | Lair:3   | Noticed an eight-headed hydra
  6668 | Lair:3   | Engulfed by their own flame

Illustrated notes

Levels and vault maps discovered:
D:1:      roderic_dead_forest, layout_basic
D:2:      kennysheep_big_flooded_room, layout_loops_ring,
          minmay_misc_feat_enclosed, minmay_misc_feat_alley, minmay_hexomino_u4
D:3:      layout_basic, biasface_ghost_orc_armoury
D:4:      layout_basic, nicolae_grassy_gnolls, uniq_natasha, uniq_grinder,
          uniq_edmund, uniq_menkaure
D:5:      minmay_chambers_of_threes, layout_layer_cave,
          minmay_temple_entry_statues_pillars, minmay_manual_mares,
          uniq_eustachio
D:6:      layout_rooms, gammafunk_ghost_cemetery
D:7:      layout_basic
D:8:      layout_loops_ring
D:9:      kennysheep_six_static_rooms, layout_basic
D:10:     layout_roguey, nicolae_tso_carved_into_rock,
          mainiacjoe_overflow_divided_tiny, serial_shops, shop_fountains,
          minmay_crystal_room, minmay_fire_ice_demons, uniq_joseph
Temple:   nicolae_temple_bog_church
Lair:1:   layout_small_grid
Lair:2:   layout_small_grid, shoals_dummy_entry, portal_ice_cave_demonic_guard,
          columned_hall_lemuel
Lair:3:   layout_gridlike, dummy_spider_entry, gammafunk_ghost_grave,
          grunt_megastairs_4, uniq_gastronok

Skill      XL: |  1  2  3  4  5  6  7  8  9 10 11 12 |
---------------+-------------------------------------+-----
Summonings     | 3 4 5 6 7 8 10 | 10.0
Unarmed Combat | 1 2 3 4 5 6 |  6.3
Fighting       | 1 2 3 4 5 |  5.2
Spellcasting   | 2 3 4 |  4.8
Translocations | 3 |  3.9
Invocations    | 2 3 |  3.2
Transmutations | 3 5 6 7 |  7.4
Ice Magic      | 2 3 |  3.0
Hexes          | 2 5 |  5.1
Dodging        | |  1.5
Stealth        | |  1.0
Earth Magic    | |  0.7

Action                   |  1- 3 |  4- 6 |  7- 9 | 10-12 || total
-------------------------+-------+-------+-------+-------++-------
Melee: Unarmed           |    65 |    52 |   256 |   394 ||   767
       Punch             |     1 |     1 |     6 |    26 ||    34
 Cast: Summon Small Mamm |     7 |     5 |    22 |    14 ||    48
       Call Imp          |     7 |     8 |    26 |    17 ||    58
       Call Canine Famil |       |     3 |    49 |    53 ||   105
       Summon Ice Beast  |       |       |       |    37 ||    37
       Summon Guardian G |       |       |       |    25 ||    25
       Blink             |       |       |       |     6 ||     6
       Summon Mana Viper |       |       |       |     4 ||     4
Evoke: Wand              |       |       |     2 |     8 ||    10
  Use: Potion            |       |       |     6 |     5 ||    11
       Scroll            |       |       |     2 |    17 ||    19
 Stab: Sleeping          |     1 |       |       |     1 ||     2
       Distracted        |     1 |     1 |     2 |    10 ||    14
Armor: Robe              |    21 |    13 |    92 |       ||   126
       Steam dragon scal |       |       |     4 |   105 ||   109
       Ice dragon scales |       |       |       |    64 ||    64
       Skin              |       |       |       |    18 ||    18
Dodge: Dodged            |    19 |    17 |   154 |   238 ||   428

Table legend: (Time is in decaauts)
 A = Elapsed time spent in this place.
 B = Non-inter-level travel time spent in this place.
 C = Inter-level travel time spent in this place.
 D = Time resting spent in this place.
 E = Time spent auto-exploring this place.
 F = Levels seen in this place.
 G = Mean time per level.
                   A        B        C        D        E       F      G
               +--------+--------+--------+--------+--------+-----+--------+
         Total |   8848 |   8465 |    383 |     18 |      0 |  15 |  589.9 |
       Dungeon |   5163 |   5028 |    135 |      0 |      0 |  10 |  516.3 |
        Temple |     36 |     36 |      0 |      0 |      0 |   1 |   36.0 |
          Lair |   2057 |   1810 |    247 |     18 |      0 |   3 |  685.7 |
      Ice Cave |   1591 |   1591 |      0 |      0 |      0 |   1 | 1591.0 |
               +--------+--------+--------+--------+--------+-----+--------+

Top non-repeatable levels by time:
   IceCv: 1591 daAuts
  Lair:2: 1048 daAuts
    D:10: 938 daAuts
  Lair:1: 885 daAuts
     D:5: 786 daAuts
     D:7: 632 daAuts
     D:9: 589 daAuts
     D:6: 537 daAuts
     D:4: 451 daAuts
     D:8: 402 daAuts
     D:3: 298 daAuts
     D:2: 276 daAuts
     D:1: 251 daAuts
  Lair:3: 124 daAuts
  Temple: 36 daAuts
